 Dungeon Crawl Stone Soup version 0.29.1-1-gd02db6906a (webtiles) character file.

Game seed: 804289144128498668

34 Nerdsrcool the Grave Robber (level 3, -2/24 HPs)
             Began as a Vampire Necromancer on Oct 14, 2022.
             Slain by a worm (6 damage)
             ... on level 2 of the Dungeon.
             The game lasted 00:19:59 (1272 turns).

Nerdsrcool the Grave Robber (Vampire Necromancer)   Turns: 1272, Time: 00:20:03

Health: -2/24      AC: 10    Str:  7    XL:     3   Next: 14%
Magic:  4/6        EV:  2    Int: 19    God:
Gold:   12         SH:  0    Dex: 12    Spells: 2/6 levels left

rFire   . . .      SeeInvis +   d - +0 long sword
rCold   . . .      Faith    .   (no shield)
rNeg    . . .      Spirit   .   f - +0 chain mail
rPois   .          Reflect  .   (no helmet)
rElec   .          Harm     .   i - +0 cloak
rCorr   +          Rampage  .   (no gloves)
Will    .....                   k - +0 pair of boots
Stlth   ..........              (no amulet)
HPRegen 0.28/turn               j - ring of resist corrosion
MPRegen 0.10/turn               (no ring)

@: healing quickly
A: alive, fangs 3, see invisible, vampiric 2, clumsy 1, noise suppression
a: Exsanguinate


You were on level 2 of the Dungeon.
You visited 1 branch of the dungeon, and saw 2 of its levels.

You collected 34 gold pieces.
You spent 22 gold pieces at shops.

Inventory:

Hand Weapons
 d - a +0 long sword (weapon)
Missiles
 g - 15 stones
Armour
 a - a +0 robe
 f - a +0 chain mail (worn)
 i - a +0 cloak (worn)
 k - a +0 pair of boots (worn)
Jewellery
 j - a ring of resist corrosion (left hand)
Scrolls
 e - a scroll of torment {unknown}
 l - a scroll of teleportation
Potions
 b - a potion of magic
 c - a potion of lignification


   Skills:
 + Level 0.1 Fighting
 + Level 0.1 Armour
 + Level 2.2 Dodging
 + Level 3.1 Stealth
 + Level 2.2 Spellcasting
 + Level 5.2 Necromancy


You had 2 spell levels left.
You knew the following spells:

 Your Spells              Type           Power      Damage    Failure   Level
a - Necrotise             Necr           88%        1d8       100%        1
b - Vampiric Draining     Necr           22%        2d7       100%        3

Your spell library contained the following spells:

 Spells                   Type           Power      Damage    Failure   Level
 Animate Dead             Necr           22%        N/A       100%        4
 Agony                    Necr           22%        N/A       100%        5


Dungeon Overview and Level Annotations

Branches:
Dungeon (2/15)

Altars:
Gozag

Shops:
D:2 ?


Innate Abilities, Weirdness & Mutations

Your natural rate of healing is accelerated.
You have razor-sharp teeth.
You have supernaturally acute eyesight. (SInv)
You are afflicted with vampirism and can become a bat while bloodless.
You are clumsy. (Dex -2)
You passively dampen the noise of your surroundings.


Message History

You start putting on your armour.
You continue putting on your +0 chain mail. x2
Your kobold skeleton hits the worm.
The worm bites your kobold skeleton.
Your kobold skeleton is destroyed!
You continue putting on your +0 chain mail.
The worm bites your rat skeleton.
You continue putting on your +0 chain mail.
Your rat skeleton bites the worm but does no damage.
You finish putting on your +0 chain mail.
The worm bites your rat skeleton.
Your rat skeleton is destroyed!
You barely miss the worm. The bat hits you but does no damage.
The worm bites you!
You hit the worm.
The worm is moderately wounded.
The bat hits you. The worm bites you but does no damage.
You slash the worm!
The worm is severely wounded.
The bat hits you. The bat hits you but does no damage. The worm bites you.
The bat hits you but does no damage.
You barely miss the worm.
The worm is heavily wounded.
The bat hits you but does no damage. The worm bites you but does no damage.
You hit the worm.
The worm is severely wounded.
The bat hits you but does no damage. The worm bites you.
* * * LOW HITPOINT WARNING * * *
The bat hits you but does no damage.
Keep bloodletting?
You begin bloodletting.
You continue bloodletting.
The bat barely misses you. The worm bites you.
* * * LOW HITPOINT WARNING * * *
You continue bloodletting.
The bat hits you but does no damage.
You continue bloodletting.
The bat hits you but does no damage. The worm bites you.
* * * LOW HITPOINT WARNING * * *
You continue bloodletting.
The bat hits you but does no damage. The worm bites you.
You die...

#.........................#
#.......##................#
. #.............##.#
##+#.....####.# .#
#.#.....# #.#...#+# #
######'#.).+ ...
............#+#.....
............@w..#
...............##
..........b....#
............#+#...
.........#### #...
.......... .... .........
... ....... ..


You could see a worm and a bat.

Vanquished Creatures
  A dart slug (D:1)
  2 ball pythons (D:1)
  2 endoplasms (D:2)
  2 giant cockroaches
  4 goblins
  3 hobgoblins
  2 jackals (D:2)
  2 quokkas (D:1)
  A bat (D:1)
  A frilled lizard (D:2)
  4 kobolds
  2 rats (D:2)
26 creatures vanquished.

Vanquished Creatures (collateral kills)
  A hobgoblin (D:1)
1 creature vanquished.

Vanquished Creatures (others)
  3 fungi (D:1)
  25 plants (D:1)
28 creatures vanquished.

Grand Total: 55 creatures vanquished

Notes
Turn   | Place    | Note
-------+----------+-------------------------------------------
     0 | D:1      | Nerdsrcool the Vampire Necromancer began the quest for the
                  | Orb.
     0 | D:1      | Reached XP level 1. HP: 13/13 MP: 3/3
   238 | D:1      | Reached XP level 2. HP: 19/19 MP: 3/5
   245 | D:1      | Reached skill level 5 in Necromancy
   262 | D:1      | Found a faded altar of an unknown god.
   941 | D:2      | Found an opulent altar of Gozag.
  1009 | D:2      | Found Jolomm's Magic Scroll Emporium.
  1025 | D:2      | Bought a scroll of identify for 22 gold pieces
  1026 | D:2      | Gained mutation: Your system is resistant to poisons.
                  | (rPois) [potion of mutation]
  1026 | D:2      | Gained mutation: You are dopey. (Int -2) [potion of
                  | mutation]
  1026 | D:2      | Gained mutation: Your spells are a little harder to cast,
                  | but a little more powerful. [potion of mutation]
  1027 | D:2      | Lost mutation: You are dopey. (Int -2) [potion of mutation]
  1027 | D:2      | Lost mutation: Your spells are a little harder to cast, but
                  | a little more powerful. [potion of mutation]
  1027 | D:2      | Gained mutation: Your movements are slightly less
                  | encumbered by armour. (ER -2) [potion of mutation]
  1027 | D:2      | Gained mutation: Your magical capacity is low. (-10% MP)
                  | [potion of mutation]
  1027 | D:2      | Gained mutation: You passively dampen the noise of your
                  | surroundings. [potion of mutation]
  1028 | D:2      | Lost mutation: Your movements are slightly less encumbered
                  | by armour. (ER -2) [potion of mutation]
  1028 | D:2      | Lost mutation: Your magical capacity is low. (-10% MP)
                  | [potion of mutation]
  1028 | D:2      | Gained mutation: You are clumsy. (Dex -2) [potion of
                  | mutation]
  1028 | D:2      | Lost mutation: Your system is resistant to poisons. (rPois)
                  | [potion of mutation]
  1052 | D:2      | Gained mutation: You are afflicted with vampirism and can
                  | become a bat while bloodless. [Vampire growth]
  1052 | D:2      | Reached XP level 3. HP: 24/24 MP: 0/6
  1114 | D:2      | Learned a level 3 spell: Vampiric Draining
  1272 | D:2      | Slain by a worm

Illustrated notes

Levels and vault maps discovered:
D:1:      psy_arrival_whirlpool, layout_rooms,
          shapermc_ecumenical_altar_mp_urbaneastern, serial_bayou_pond_c
D:2:      layout_basic, serial_shops, nicolae_shop_behind_doors, shop, shop,
          nicolae_shop_trees, basic_altar

Skill      XL: |  1  2 |
---------------+-------+-----
Necromancy     | 5 |  5.2
Fighting       | |  0.1
Armour         | |  0.1
Dodging        | |  2.2
Stealth        | |  3.1
Spellcasting   | |  2.2

Action                   || total
-------------------------++-------
Melee: Long sword        ||   126
       Bite              ||    19
 Cast: Necrotise         ||    21
 Abil: Exsanguinate      ||     1
  Use: Potion            ||     5
       Scroll            ||     4
 Stab: Distracted        ||     1
Armor: Robe              ||     1
       Chain mail        ||    57
       Skin              ||     8
Dodge: Dodged            ||    10
